 Dungeon Crawl Stone Soup version 0.31-a0-986-g5e6e4ef867 (webtiles) character file.

Game seed: 14783689078283041705

178 octoduck the Trooper (level 5, -7/34 HPs)
             Began as a Gargoyle Fighter on Nov 19, 2023.
             Mangled by a gnoll
             ... wielding a +0 flail
              (10 damage)
             ... on level 3 of the Dungeon.
             The game lasted 00:04:14 (1606 turns).

octoduck the Trooper (Gargoyle Fighter)             Turns: 1606, Time: 00:04:14

Health: -7/34      AC: 10    Str: 22    XL:     5   Next: 58%
Magic:  5/5        EV:  9    Int:  8    God:
Gold:   83         SH:  4    Dex:  9    Spells: 4/4 levels left

rFire   . . .        a - +0 flail
rCold   . . .        c - +0 buckler
rNeg    + . .        b - +0 scale mail
rPois   ∞            (no helmet)
rElec   +            (no cloak)
rCorr   .            (no gloves)
SInv    .            (no boots)
Will    .....        (no amulet) Stlth
                     (no ring)
HPRegen 0.25/turn    (no ring)
MPRegen 0.09/turn

%: no passive effects
@: studying Long Blades
A: sickness immunity, AC +4, negative energy resistance 1, electricity
resistance, torment resistance 1, petrification resistance
a: no special abilities


You were on level 3 of the Dungeon.
You visited 1 branch of the dungeon, and saw 3 of its levels.

You collected 83 gold pieces.

Inventory:

Hand Weapons
 a - a +0 flail (weapon)
Armour
 b - a +0 scale mail (worn)
 c - a +0 buckler (worn)
Scrolls
 e - 4 scrolls of identify
 g - a scroll of vulnerability
Potions
 d - a potion of might
 f - a potion of mutation {unknown}
 h - a potion of curing {unknown}


   Skills:
 + Level 4.7 Fighting
 * Level 4.7 Maces & Flails
 - Level 3.2 Armour
 - Level 3.2 Shields


You had 4 spell levels left.
You didn't know any spells.
Your spell library contained the following spells:

 Spells                   Type           Power      Damage    Failure   Level
 Kiss of Death            Conj/Necr      0%         2d5       80%         1
 Confusing Touch          Hex            0%         N/A       99%         3
 Dispel Undead            Necr           0%         3d6       100%        4


Dungeon Overview and Level Annotations

Branches:
Dungeon (3/15)

Altars:


Innate Abilities, Weirdness & Mutations

You are immune to sickness and miasma.
Your stone body is resilient. (AC +4)
You are immune to poison.
You resist negative energy. (rN+)
You are resistant to electric shocks. (rElec)
You are resistant to unholy torment.
You are immune to petrification.


Message History

No target in view!
HP restored.
A gnoll comes into view. It is wielding a +3 spear.
The gnoll shouts!
You hear a shout! x2 2 gnolls come into view.
The gnoll shouts!
An endoplasm comes into view.
The endoplasm quivers.
The gnoll hits you with a +3 spear.
There is an escape hatch in the ceiling here.
You closely miss the gnoll. The gnoll hits you but does no damage.
You hit the gnoll.
The gnoll is moderately wounded.
The gnoll hits you with a +0 flail. The gnoll hits you with a +3 spear.
The gnoll barely misses you.
You hit the gnoll.
The gnoll is heavily wounded.
The gnoll barely misses you. The gnoll hits you with a +3 spear.
The gnoll hits you with a +0 flail. The gnoll barely misses you.
The gnoll closely misses you. The gnoll hits you with a +0 flail.
You hit the gnoll.
The gnoll is almost dead.
The gnoll barely misses you.
The gnoll hits you but does no damage. x2
You hit the gnoll but do no damage.
The gnoll is almost dead.
The gnoll closely misses you. The gnoll hits you but does no damage.
You block the gnoll's attack.
You closely miss the gnoll.
The gnoll is almost dead.
The gnoll hits you with a +0 flail. x2
* * * LOW HITPOINT WARNING * * *
The gnoll barely misses you.
You sock the gnoll!
You kill the gnoll!
The gnoll barely misses you. The gnoll hits you with a +0 flail.
* * * LOW HITPOINT WARNING * * *
You barely miss the gnoll.
The endoplasm hits you but does no damage.
The gnoll completely misses you. The gnoll hits you with a +0 flail!
You die...

#.....................
#....[...†..........#
#...................#
#.<...........†.....#
+.................>.#
#.......#........)..+
#.......#.###.......#
#.......#.# #...##+##
........#.# #.@.#
.#######.#


#gJg# .# #...# #...# #...# ..... ####. .. You could see 2 gnolls and an
endoplasm.

Vanquished Creatures
  Jessica (D:2)
  Natasha (thrice) (D:2)
  A gnoll (D:3)
  2 adders (D:2)
  A worm (D:2)
  A dart slug (D:1)
  An orc (D:3)
  2 ball pythons
  5 bats
  3 endoplasms
  2 giant cockroaches (D:1)
  2 goblins (D:1)
  5 hobgoblins
  2 jackals (D:2)
  4 quokkas
  4 frilled lizards
  3 kobolds
  4 rats
46 creatures vanquished.

Notes
Turn   | Place    | Note
-------+----------+-------------------------------------------
     0 | D:1      | octoduck the Gargoyle Fighter began the quest for the Orb.
     0 | D:1      | Reached XP level 1. HP: 14/14 MP: 1/1
    95 | D:1      | Reached XP level 2. HP: 17/19 MP: 2/2
   331 | D:1      | Reached XP level 3. HP: 23/24 MP: 3/3
   569 | D:2      | Noticed Natasha
   586 | D:2      | Killed Natasha
   587 | D:2      | Reached XP level 4. HP: 20/29 MP: 4/4
  1290 | D:2      | Noticed Jessica
  1314 | D:2      | Killed Jessica
  1318 | D:2      | Noticed Natasha
  1326 | D:2      | Killed Natasha
  1327 | D:2      | Reached XP level 5. HP: 18/34 MP: 5/5
  1428 | D:2      | Noticed Natasha
  1434 | D:2      | Killed Natasha
  1571 | D:3      | Identified the "Ishruj"
  1574 | D:3      | Identified the +0 robe "Qoeqyps" {Fly rCorr}
  1606 | D:3      | Mangled by a gnoll

Illustrated notes

Levels and vault maps discovered:
D:1:      giann_wishing_wells, layout_rooms
D:2:      layout_basic, kennysheep_another_room, uniq_natasha, uniq_jessica
D:3:      layout_basic, old_standard_altar, gammafunk_temple_of_torment,
          serial_shops, nicolae_shop_rolling_square, chequers_arboretum,
          columned_hall_lemuel, st_stairs_2

Skill      XL: |  1  2  3  4 |
---------------+-------------+-----
Maces & Flails | 3 4 |  4.7
Fighting       | 4 |  4.7
Armour         | |  3.2
Shields        | |  3.2

Action                     |  1- 3 |  4- 6 || total
---------------------------+-------+-------++-------
  Melee: Flail             |    80 |    65 ||   145
    Use: Scroll            |       |     6 ||     6
 Armour: Scale mail        |    48 |    54 ||   102
  Dodge: Dodged            |    44 |    41 ||    85
  Block: Buckler           |    12 |    12 ||    24

Table legend: (Time is in decaauts)
 A = Elapsed time spent in this place.
 B = Non-inter-level travel time spent in this place.
 C = Inter-level travel time spent in this place.
 D = Time resting spent in this place.
 E = Time spent auto-exploring this place.
 F = Levels seen in this place.
 G = Mean time per level.
                   A        B        C        D        E       F      G
               +--------+--------+--------+--------+--------+-----+--------+
         Total |   1674 |   1539 |    135 |    183 |    963 |   3 |  558.0 |
       Dungeon |   1674 |   1539 |    135 |    183 |    963 |   3 |  558.0 |
               +--------+--------+--------+--------+--------+-----+--------+

Top non-repeatable levels by time:
     D:2: 1118 daAuts
     D:1: 518 daAuts
     D:3: 37 daAuts
